 Dungeon Crawl Stone Soup version 0.25.0-26-g0c896c7088 (webtiles) character file.

Game seed: 9003830977978467298

2427 mortelune the Cleaver (level 9, -25/72 HPs)
             Began as a Formicid Abyssal Knight on July 5, 2020.
             Was a Priest of Lugonu.
             Killed from afar by a shadow dragon (39 damage)
             ... with a bolt of negative energy
             ... summoned by Lugonu's corruption
             ... on level 7 of the Dungeon.
             The game lasted 00:17:17 (10397 turns).

mortelune the Cleaver (Formicid Abyssal Knight)    Turns: 10397, Time: 00:17:18

Health: -25/72     AC: 11    Str: 19    XL:     9   Next: 77%
Magic:  5/13       EV:  4    Int: 13    God:    Lugonu [***...]
Gold:   123        SH:  7    Dex: 10    Spells: 8/8 levels left

rFire    . . .     SeeInvis +   a - +1 hand axe
rCold    . . .     Gourm    .   C - +0 kite shield
rNeg     . . .     Faith    .   j - +0 chain mail
rPois    .         Spirit   .   (helmet unavailable)
rElec    .         Reflect  .   w - +0 cloak
rCorr    .         Harm     .   (no gloves)
MR       .....                  (no boots)
Stlth    ..........             (no amulet)
HPRegen  0.22/turn              (no ring)
MPRegen  0.13/turn              (no ring)

@: lethally poisoned (-25 -> -37), drained
A: permanent stasis, dig shafts and tunnels, four strong arms, antennae 3
a: Dig, Shaft Self, Depart the Abyss, Bend Space, Banish, Renounce Religion


You were on level 7 of the Dungeon.
You worshipped Lugonu.
Lugonu was most pleased with you.
You were hungry.

You visited 1 branch of the dungeon, and saw 7 of its levels.
You visited the Abyss 1 time.
You also visited: Sewer.

You collected 204 gold pieces.
You spent 81 gold pieces at shops.

Inventory:

Hand Weapons
 a - a +1 hand axe (weapon)
 b - a +0 hunting sling
 y - a +0 great mace
Missiles
 d - 33 sling bullets
 Q - 184 stones (quivered)
Armour
 j - a +0 chain mail (worn)
 l - a +0 leather armour
 u - a +1 robe of fire resistance
 w - a +0 cloak (worn)
 C - a +0 kite shield (worn)
Jewellery
 v - the ring of Kopacw {*Slow rC+ MP+9 Int+4}
   (You found it on level 4 of the Dungeon)

   [ring of magical power]

   It affects your intelligence (+4).
   It protects you from cold.
   It affects your magic capacity (+9).
   It may slow you when you take damage.
 x - a +6 ring of dexterity {unknown}
 F - an uncursed ring of see invisible {unknown}
 N - an uncursed ring of positive energy
Wands
 D - a wand of digging (4)
Scrolls
 f - 2 scrolls of fog
 i - 4 scrolls of identify
 n - 3 scrolls of remove curse
 q - a scroll of amnesia
 A - a scroll of enchant weapon {unknown}
 E - a scroll of magic mapping
Potions
 e - a potion of resistance {unknown}
 g - 6 potions of curing
 h - a potion of invisibility {unknown}
 k - a potion of lignification {unknown}
 m - 3 potions of stabbing
 o - a potion of brilliance {unknown}
 p - 3 potions of heal wounds
 r - 4 potions of flight
 s - a potion of might
 t - 2 potions of haste {unknown}
 z - a potion of mutation {unknown}
Comestibles
 c - 12 rations


   Skills:
 + Level 7.2(6.4) Fighting
 * Level 8.6(7.8) Axes
 + Level 6.7(5.9) Armour
 - Level 0.8(0.2) Dodging
 + Level 5.4(4.7) Invocations


You had 8 spell levels left.
You didn't know any spells.
Your spell library was empty.

Dungeon Overview and Level Annotations

Branches:
Dungeon (7/15)             Temple (0/1) D:5           Sewer (visited)

Altars:
Ashenzari
Sif Muna

Shops:
D:4 *

Annotations:
D:6 exclusion: door
D:7 corrupted
Abyss:1 Prince Ribbit


Innate Abilities, Weirdness & Mutations

You cannot be hasted, slowed, berserked, paralysed or teleported.
You can dig through walls and to a lower floor.
Your four strong arms can wield two-handed weapons with a shield.
You have a pair of large antennae on your head. (SInv)


Message History

You feel sick.
Something completely misses the fire dragon skeleton.
You block the killer bee's attack.
The killer bee stings you but does no damage.
You block the killer bee's attack.
The ynoxinul gestures at the killer bee.
The iron shot hits you!!
* * * LOW HITPOINT WARNING * * *
You feel sick.
The killer bee stings you but does no damage. x2
Space bends sharply around you!
The killer bee blinks!
You blink. 2 killer bees come into view.
* * * LOW HITPOINT WARNING * * *
You feel sick.
The killer bee buzzes angrily. x2
The killer bee stings you but does no damage.
The shadow dragon breathes negative energy at the killer bee.
The bolt of negative energy hits you!!!
You feel drained.
Ouch! That really hurt!
You die...

'...####........#
#(..............####
'................y. ..>
#..........#######y###...
#.........#3## #.Z{..(...
#.........#..###.........
############§x##.#.......
#§.y..yy...$...
##..ZD@y[......
##.#)xx.###.. #.....###
#..........# #.#........#
##.###.....# #+# .....#
####.# .#


You could see 5 killer bees, a neutral shadow dragon (summoned, catching
breath), a neutral ynoxinul (summoned), 3 neutral small abominations, a neutral
fire dragon skeleton (summoned) and a neutral shock serpent skeleton (summoned).

Vanquished Creatures
  Pikel (D:4)
  Duvessa (D:6)
  An ogre (D:6)
  3 phantoms
  2 big kobolds (Sewer)
  A bullfrog (D:7)
  Dowan (D:6)
  2 gnoll sergeants
  A water moccasin skeleton (D:7)
  2 hounds
  A bullfrog skeleton (D:4)
  2 orc priests
  Crazy Yiuf (D:4)
  A jelly (D:3)
  Jessica (D:3)
  7 worker ants
  9 orc wizards
  A hound skeleton (D:4)
  A worker ant zombie (D:4)
  7 gnolls
  8 adders
  3 river rats (Sewer)
  A shadow imp (D:5)
  3 oozes
  An adder skeleton (D:6)
  3 worms
  3 dart slugs
  10 leopard geckos
  12 orcs
  5 giant cockroaches
  9 goblins
  6 hobgoblins
  5 jackals
  19 kobolds
  2 quokkas
  5 ball pythons
  13 bats
  6 frilled lizards
  A jackal skeleton (D:2)
  28 rats
189 creatures vanquished.

Vanquished Creatures (others)
  2 killer bees (D:6)
  4 orcs (D:4)
6 creatures vanquished.

Grand Total: 195 creatures vanquished

Notes
Turn   | Place    | Note
-------+----------+-------------------------------------------
     0 | Abyss:1  | mortelune the Formicid Abyssal Knight began the quest for
                  | the Orb.
     0 | Abyss:1  | Reached XP level 1. HP: 18/18 MP: 2/2
   142 | Abyss:1  | Noticed a mana viper
   147 | Abyss:1  | Noticed a cyan very ugly thing
   148 | D:1      | Escaped the Abyss
   292 | D:1      | Reached * piety under Lugonu
   385 | D:1      | Reached XP level 2. HP: 19/24 MP: 3/3
  1142 | D:2      | Reached XP level 3. HP: 27/29 MP: 4/4
  1374 | D:2      | Reached skill level 3 in Axes
  1482 | D:2      | Reached XP level 4. HP: 37/37 MP: 5/5
  1969 | D:3      | Noticed a phantom
  2503 | D:3      | Reached XP level 5. HP: 41/42 MP: 6/6
  3008 | D:3      | Killed a phantom
  3008 | D:3      | Reached skill level 4 in Axes
  3008 | D:3      | Reached XP level 6. HP: 27/49 MP: 7/7
  3163 | D:3      | Noticed Jessica
  3167 | D:3      | Killed Jessica
  3346 | D:3      | Found a shattered altar of Ashenzari.
  3908 | D:4      | Reached ** piety under Lugonu
  3949 | D:4      | Found Daigebyn's Assorted Antiques.
  3955 | D:4      | Bought a scroll of identify for 56 gold pieces
  3955 | D:4      | Bought a yellow potion for 25 gold pieces
  3996 | D:4      | Found a glowing drain.
  4037 | Sewer    | Entered a sewer
  4548 | Sewer    | Reached skill level 5 in Axes
  4723 | Sewer    | Reached XP level 7. HP: 54/55 MP: 8/8
  4746 | Sewer    | Reached *** piety under Lugonu
  4786 | Sewer    | Reached skill level 5 in Fighting
  5075 | D:4      | Found a runed translucent door.
  5076 | D:4      | Noticed Crazy Yiuf
  5123 | D:4      | Got a wavering wooden ring
  5124 | D:4      | Identified the ring of Kopacw {*Slow rC+ MP+9 Int+4} (You
                  | found it on level 4 of the Dungeon)
  5763 | D:4      | Reached skill level 6 in Axes
  6032 | D:4      | Reached XP level 8. HP: 63/63 MP: 9/9
  6099 | D:4      | Reached skill level 5 in Armour
  6361 | D:4      | Noticed Pikel
  6380 | D:4      | Killed Pikel
  6380 | D:4      | Reached skill level 7 in Axes
  6822 | D:4      | Reached XP level 9. HP: 31/70 MP: 10/12
  7159 | D:4      | Killed Crazy Yiuf
  7241 | D:5      | Entered Level 5 of the Dungeon
  7893 | D:5      | Found a staircase to the Ecumenical Temple.
  8915 | D:6      | Noticed Prince Ribbit
  8935 | D:6      | Banished Prince Ribbit
  8935 | D:6      | Reached skill level 8 in Axes
  9167 | D:6      | Found a shimmering blue altar of Sif Muna.
  9207 | D:6      | Noticed Duvessa
  9230 | D:6      | Noticed Dowan
  9240 | D:6      | Killed Duvessa
  9268 | D:6      | Killed Dowan
  9650 | D:6      | Reached skill level 5 in Invocations
  9787 | D:7      | Reached **** piety under Lugonu
 10394 | D:7      | Corrupted D:7
 10394 | D:7      | Noticed a shadow dragon
 10397 | D:7      | Killed from afar by a shadow dragon

Illustrated notes

Levels and vault maps discovered:
D:1:      minmay_arrival_checkered_box, layout_rooms, st_stairs_13
D:2:      layout_loops_ring
D:3:      minmay_skewed_foursquare, layout_basic, evilmike_ruin_ashenzari,
          uniq_jessica
D:4:      layout_basic, first_ration, portal_sewer_entry_f, serial_shops, shop,
          minmay_liquid_box, hangedman_abyss_or_decor_stagger,
          small_statue_intersection, uniq_crazy_yiuf_cottage, uniq_pikel
D:5:      layout_loops_corners, temple_hall
D:6:      layout_rooms, led_sif_book, uniq_prince_ribbit1, uniq_duvessa
D:7:      layout_basic, chequers_serial_rivers_large_b

Skill      XL: |  1  2  3  4  5  6  7  8  9 |
---------------+----------------------------+-----
Axes           | 3 4 5 6 7 8 |  8.6
Armour         | 3 4 5 6 |  6.7
Fighting       | 4 5 6 7 |  7.2
Invocations    | 4 5 |  5.4
Dodging        | |  0.8

Action                   |  1- 3 |  4- 6 |  7- 9 || total
-------------------------+-------+-------+-------++-------
Melee: Hand axe          |    89 |   277 |   478 ||   844
 Fire: Hunting sling     |       |    44 |    17 ||    61
Invok: Depart the Abyss  |     1 |       |       ||     1
       Banish            |       |       |     3 ||     3
       Bend Space        |       |       |     1 ||     1
       Corrupt           |       |       |     1 ||     1
  Use: Scroll            |       |     8 |       ||     8
       Potion            |       |       |     6 ||     6
  Eat: Chunk             |     2 |    10 |    20 ||    32
Armor: Leather armour    |    10 |       |       ||    10
       Chain mail        |    23 |   203 |   334 ||   560
Dodge: Dodged            |    50 |   144 |   143 ||   337
Block: Kite shield       |       |       |    78 ||    78
